Map: Blackpink LE

Players

JanneAhonen

  • Race: Protoss Protoss
  • League: Grandmaster
  • Spawn Location: 1:00

Matiz - Winner!

  • Race: Zerg Zerg
  • League: Grandmaster
  • Spawn Location: 7:00

VOD

Have the link to the VOD?

Description

Time

  • Played on: Feb. 7, 2018, 10:18 a.m.
  • Length: 7:12
Show
View Real Time Build Order
Export as new Build Order

JanneAhonen Protoss 

Build Orders: 1 Gate Expand, Oracle Opening, Phoenix Opening, Zealot Archon 

Get SALT Encoding   

  12  0:00  Probe  
  13  0:13  Probe  
  14  0:18  Pylon  
  14  0:25  Probe (Chrono Boost)  
  15  0:37  Probe (Chrono Boost), Gateway  
  16  0:45  Probe (Chrono Boost)  
  16  0:47  Assimilator  
  17  0:51  Probe (Chrono Boost)  
  18  1:03  Probe (Chrono Boost)  
  19  1:11  Probe (Chrono Boost)  
  20  1:26  Nexus  
  20  1:34  Cybernetics Core  
  20  1:36  Probe  
  21  1:42  Assimilator  
  21  1:48  Probe  
  21  1:52  Pylon  
  22  2:01  Probe  
  23  2:09  Adept (Chrono Boost)  
  23  2:11  Warp Gate  
  23  2:13  Probe  
  26  2:25  Stargate, Probe  
  26  2:28  Adept  
  29  2:38  Probe (Chrono Boost)  
  29  2:42  Probe (Chrono Boost)  
  31  2:47  Probe (Chrono Boost)  
  31  2:51  Probe (Chrono Boost)  
  33  2:52  Probe (Chrono Boost)  
  34  3:01  Probe  
  36  3:05  Probe  
  36  3:06  Oracle (Chrono Boost)  
  39  3:13  Probe  
  39  3:17  Probe  
  39  3:19  Gateway x2  
  41  3:25  Pylon  
  41  3:26  Probe  
  42  3:29  Probe  
  43  3:35  Phoenix (Chrono Boost)  
  43  3:39  Probe  
  43  3:40  Pylon  
  46  3:43  Probe  
  47  3:50  Twilight Council  
  47  3:51  Probe  
  47  3:55  Probe  
  49  4:00  Robotics Facility  
  49  4:15  Gateway  
  49  4:16  Gateway  
  49  4:17  Gateway  
  49  4:21  Charge (Chrono Boost)  
  49  4:26  Zealot  
  51  4:42  Probe x2  
  51  4:44  Assimilator  
  51  4:45  Assimilator  
  49  4:48  Warp Prism  
  49  4:50  Zealot x3  
  56  4:54  Templar Archives  
  56  4:57  Pylon  
  57  5:00  Probe x2  
  58  5:13  Probe x2  
  53  5:21  Zealot x4, Pylon  
  53  5:25  Oracle  
  65  5:35  Probe  
  65  5:44  Pylon  
  65  5:45  High Templar  
  65  5:46  High Templar, Zealot x4  
  76  5:50  Archon  
  76  5:58  Pylon  
  72  6:12  Zealot x4  
  72  6:19  Zealot x2  
  73  6:34  High Templar x2, Zealot x2  
  73  6:37  Nexus, Probe  
  73  6:39  Archon  
  68  6:50  Zealot  
  50  7:04  Probe (Chrono Boost)  
  50  7:05  Probe (Chrono Boost)  
Show
View Real Time Build Order
Export as new Build Order

Matiz Zerg - Winner!

Build Orders: Hatch First 

Get SALT Encoding   

  12  0:00  Drone  
  13  0:12  Overlord  
  13  0:17  Drone  
  14  0:24  Drone, Extractor  
  15  0:31  Drone  
  15  0:34  Drone  
  17  0:53  Hatchery  
  17  0:55  Drone  
  17  0:58  Drone  
  18  1:11  Spawning Pool  
  17  1:15  Drone, Extractor  
  17  1:19  Drone  
  18  1:29  Drone  
  19  1:45  Drone, Hatchery  
  19  1:49  Drone  
  20  1:57  Queen  
  22  2:05  Drone x2  
  24  2:12  Queen  
  26  2:18  Overlord  
  26  2:24  Drone  
  26  2:25  Drone  
  28  2:32  Metabolic Boost  
  28  2:38  Zergling x2  
  28  2:39  Zergling x4  
  31  2:45  Drone  
  31  2:51  Drone  
  33  2:54  Drone  
  34  3:00  Drone x2, Queen  
  34  3:05  Overlord x2  
  38  3:13  Drone x3  
  41  3:20  Drone  
  41  3:23  Drone  
  41  3:24  Drone x3  
  41  3:26  Drone  
  47  3:27  Drone  
  47  3:32  Spore Crawler  
  47  3:35  Drone  
  47  3:36  Spore Crawler  
  47  3:37  Spore Crawler  
  47  3:39  Zergling x2  
  47  3:40  Zergling x2  
  48  3:42  Zergling x2  
  48  3:45  Zergling x2  
  50  3:50  Zergling x6  
  53  3:58  Zergling x6  
  56  4:04  Drone  
  56  4:11  Drone x2  
  56  4:17  Overlord  
  58  4:23  Baneling Nest, Overlord x2, Evolution Chamber  
  56  4:26  Drone x2  
  57  4:34  Overlord  
  57  4:37  Overlord  
  57  4:42  Drone x6  
  57  4:43  Drone  
  57  4:44  Drone  
  65  4:45  Drone  
  65  4:50  Drone  
  65  4:53  Zerg Melee Weapons Level 1  
  65  4:54  Drone x2  
  65  4:57  Drone x2  
  69  5:01  Drone x2  
  69  5:03  Drone  
  69  5:07  Drone x2  
  69  5:08  Drone  
  69  5:10  Lair  
  69  5:14  Extractor  
  70  5:15  Extractor  
  70  5:16  Drone  
  70  5:17  Drone x2  
  70  5:19  Drone  
  73  5:23  Overlord  
  73  5:25  Hatchery  
  72  5:28  Zergling x2  
  72  5:29  Zergling x8  
  72  5:35  Queen  
  79  5:40  Queen  
  79  5:42  Zergling x6  
  84  5:43  Zergling x10  
  89  5:50  Extractor x3  
  89  5:52  Baneling  
  89  5:53  Baneling x6  
  89  5:54  Baneling  
  89  5:55  Zergling x2  
  89  5:56  Zergling x6  
  86  6:04  Zergling x4  
  86  6:10  Zergling x2  
  84  6:14  Zergling x8  
  84  6:15  Zergling x6  
  82  6:21  Zergling x8  
  82  6:22  Queen x3  
  82  6:25  Baneling x2  
  89  6:26  Baneling x7  
  89  6:27  Baneling x2  
  89  6:29  Zergling x6  
  90  6:33  Zergling x2  
  90  6:39  Zergling x2  
  86  6:44  Zergling x4  
  82  6:53  Zergling x6  
  82  6:54  Zergling x4  
Tags
 
Add a new tag
Caveats
  • Supply blocks, unpowered buildings, or Contaminate may cause inaccurate times.
  • Supply counts are checked every 10 seconds.